 Dungeon Crawl Stone Soup version 0.27-a0-637-g3a9f0a9c12 (webtiles) character file.

Game seed: 16994086478647145739

64 Allula97 the Insei (level 4, -8/28 HPs)
             Began as an Octopode Transmuter on Mar 14, 2021.
             Mangled by a worm (11 damage)
             ... on level 2 of the Dungeon.
             The game lasted 00:02:14 (1526 turns).

Allula97 the Insei (Octopode Transmuter)            Turns: 1526, Time: 00:02:15

Health: -8/28      AC:  1    Str: 10    XL:     4   Next: 12%
Magic:  5/7        EV: 13    Int: 15    God:
Gold:   38         SH:  0    Dex: 12    Spells: 6/7 levels left

rFire    . . .     SeeInvis .     - Unarmed
rCold    . . .     Faith    .   (no shield)
rNeg     . . .     Spirit   .   (helmet currently unavailable)
rPois    .         Reflect  .   (no amulet)
rElec    .         Harm     .   (no ring)
rCorr    .         Rampage  .   (no ring)
Will     .....                  (no ring)
Stlth    +++.......             (no ring)
HPRegen  0.09/turn              (no ring)
MPRegen  0.10/turn              (no ring)
                                (no ring)
                                (no ring)

@: appendages
A: tentacle spike 3, almost no armour, amphibious, 8 rings, camouflage 1,
gelatinous body 1, nimble swimmer 1, tentacles
a: End Transformation


You were on level 2 of the Dungeon.
One of your tentacles had grown a beastly spike.
You visited 1 branch of the dungeon, and saw 2 of its levels.

You collected 38 gold pieces.

Inventory:

Scrolls
 c - a scroll of amnesia {unknown}
 d - a scroll of teleportation {unknown}
 e - a scroll of identify {unknown}
Potions
 a - 2 potions of degeneration {unknown}
 b - a potion of brilliance {unknown}
 f - a potion of heal wounds {unknown}


   Skills:
 * Level 1.4 Fighting
 * Level 2.4 Dodging
 * Level 1.6 Stealth
 * Level 3.6 Unarmed Combat
 * Level 2.4 Spellcasting
 * Level 2.4 Transmutations


You had 6 spell levels left.
You knew the following spells:

 Your Spells              Type           Power      Damage    Failure   Level
a - Beastly Appendage     Tmut           18%        N/A       8%          1

Your spell library contained the following spells:

 Spells                   Type           Power      Damage    Failure   Level
 Wereblood                Tmut           9%         N/A       12%         2
 Spider Form              Tmut/Pois      2%         N/A       36%         3
 Ice Form                 Ice/Tmut       5%         N/A       78%         4
 Blade Hands              Tmut           4%         N/A       91%         5


Dungeon Overview and Level Annotations

Branches:
Dungeon (2/15)

Altars:


Innate Abilities, Weirdness & Mutations

One of your tentacles has grown a beastly spike.
You cannot wear most types of armour.
You are amphibious.
You can wear up to eight rings at the same time.
Your skin changes colour to match your surroundings (Stealth+).
Your rubbery body absorbs attacks. (AC +1, EV +1)
You are stealthy while swimming. (Stealth+)
You have tentacles for arms and can constrict up to eight enemies at once.


Message History

You open the door.
There is an open door here.
Done exploring.
There is an open door here.
There is an open door here.
You see here 7 sling bullets.
There is a stone staircase leading down here.
You climb downwards.
Found a dagger.
There is a stone staircase leading up here.
You open the door.
A hound comes into view.
Found a scroll labelled ZEM DUEREWAK.
A worm comes into view.
There is an open door here.
One of your tentacles grows a vicious spike.
The hound barks!
You closely miss the hound. Your grab misses the hound.
Your tentacle spike misses the hound.
The hound misses you. The hound bites you.
You tentacle-slap the hound but do no damage.
You grab the hound.
You pierce the hound.
The hound is moderately wounded.
You constrict the hound. The hound barely misses you.
You tentacle-slap the hound.
You pierce the hound.
The hound is almost dead.
You constrict the hound, but do no damage.
The hound bites you. The worm bites you.
You tentacle-slap the worm but do no damage.
You grab the worm. You constrict the worm. You constrict the hound.
You kill the hound!
You have reached level 4!
You tentacle-slap the worm.
The worm is moderately wounded.
You constrict the worm. The worm bites you!
* * * LOW HITPOINT WARNING * * *
You tentacle-slap the worm.
You pierce the worm.
The worm is heavily wounded.
You constrict the worm. The worm bites you!
You die...

##+# ##...##
##.....##
#.......##
#........#
#........+
#....w.?.#
#.....@.#
##.....##
##...## ##'##
#######.###
#.........#
#.#####.#.###
#...).......#
#.###.....#....


You could see a worm.

Vanquished Creatures
  A hound (D:2)
  A leopard gecko (D:1)
  A ball python (D:1)
  5 bats (D:1)
  A giant cockroach (D:1)
  6 goblins (D:1)
  2 hobgoblins (D:1)
  4 jackals (D:1)
  3 kobolds (D:1)
  2 frilled lizards (D:1)
  4 rats (D:1)
30 creatures vanquished.

Notes
Turn   | Place    | Note
-------+----------+-------------------------------------------
     0 | D:1      | Allula97 the Octopode Transmuter began the quest for the
                  | Orb.
     0 | D:1      | Reached XP level 1. HP: 13/13 MP: 3/3
   176 | D:1      | Reached XP level 2. HP: 17/18 MP: 3/5
   757 | D:1      | Reached skill level 1 in Stealth
   940 | D:1      | Reached XP level 3. HP: 23/23 MP: 4/6
  1525 | D:2      | Reached XP level 4. HP: 13/28 MP: 5/7
  1526 | D:2      | Mangled by a worm

Illustrated notes

Levels and vault maps discovered:
D:1:      kennysheep_arrival_forest, layout_loops_corners,
          palyth_stone_intersect
D:2:      layout_loops_corners, xom_butterflies, grunt_qazlal_sundering,
          gammafunk_temple_overflow_statue, roderic_serpentine_path

Skill      XL: |  1  2 |
---------------+-------+-----
Stealth        | 1 |  1.6
Fighting       | |  1.4
Dodging        | |  2.4
Unarmed Combat | |  3.6
Spellcasting   | |  2.4
Transmutations | |  2.4

Action                   |  1- 3 |  4- 6 || total
-------------------------+-------+-------++-------
Melee: Unarmed           |    68 |     2 ||    70
       Constrict         |    18 |       ||    18
       Tentacles         |     6 |       ||     6
       Kick              |     7 |     1 ||     8
 Cast: Beastly Appendage |    18 |       ||    18
 Stab: Sleeping          |     3 |       ||     3
Armor: Skin              |    16 |       ||    16
Dodge: Dodged            |    57 |       ||    57

Table legend: (Time is in decaauts)
 A = Elapsed time spent in this place.
 B = Non-inter-level travel time spent in this place.
 C = Inter-level travel time spent in this place.
 D = Time resting spent in this place.
 E = Time spent auto-exploring this place.
 F = Levels seen in this place.
 G = Mean time per level.
                   A        B        C        D        E       F      G
               +--------+--------+--------+--------+--------+-----+--------+
         Total |   1520 |   1508 |     12 |      0 |   1224 |   2 |  760.0 |
       Dungeon |   1520 |   1508 |     12 |      0 |   1224 |   2 |  760.0 |
               +--------+--------+--------+--------+--------+-----+--------+

Top non-repeatable levels by time:
     D:1: 1502 daAuts
     D:2: 18 daAuts
